 Dungeon Crawl Stone Soup version 0.29.1-1-gd02db6906a (webtiles) character file.

Game seed: 12281709716055573218

44 KamiKatze the Trooper (level 3, -1/25 (31) HPs)
             Began as a Palentonga Fighter on Oct 3, 2022.
             Killed by nerve-wracking pain
             ... invoked by Jessica
              (7 damage)
             ... on level 1 of the Dungeon.
             The game lasted 00:03:18 (1123 turns).

KamiKatze the Trooper (Palentonga Fighter)          Turns: 1123, Time: 00:03:19

HP:   -1/25 (31)    AC:  6    Str: 23    XL:     3   Next: 39%
MP:   3/3           EV:  7    Int:  8    God:
Gold: 58            SH:  4    Dex:  9    Spells: 2/2 levels left

rFire   . . .      SeeInvis +   a - +0 war axe
rCold   . . .      Faith    .   c - +0 buckler
rNeg    . . .      Spirit   .   b - +0 scale mail
rPois   .          Reflect  .   (no helmet)
rElec   .          Harm     .   (no cloak)
rCorr   .          Rampage  .   (no gloves)
Will    .....                   (no barding)
Stlth   ..........              (no amulet)
HPRegen 0.08/turn               (no ring)
MPRegen 0.08/turn               (no ring)

@: heavily drained
A: large, rugged brown scales 3, see invisible, deformed body, roll 1, armoured
tail
a: Rolling Charge


You were on level 1 of the Dungeon.
You visited 1 branch of the dungeon, and saw 2 of its levels.

You collected 58 gold pieces.

Inventory:

Hand Weapons
 a - a +0 war axe (weapon)
Armour
 b - a +0 scale mail (worn)
 c - a +0 buckler (worn)
Scrolls
 e - a scroll of teleportation {unknown}
 f - 2 scrolls of enchant armour {unknown}
 g - a scroll of fear {unknown}
 i - a scroll of poison {unknown}
 j - a scroll of magic mapping {unknown}
Potions
 d - a potion of might
 h - a potion of resistance {unknown}


   Skills:
 + Level 3.2 Fighting
 * Level 2.8 Axes
 + Level 2.6 Armour
 + Level 0.7 Dodging
 + Level 3.0 Shields


You had 2 spell levels left.
You didn't know any spells.
Your spell library contained the following spells:

 Spells                   Type           Power      Damage    Failure   Level
 Conjure Flame            Conj/Fire      0%         6-21      99%         3
 Ignite Poison            Fire/Tmut/Pois 0%         N/A       99%         3
 Sticky Flame             Conj/Fire      0%         2d3       100%        4


Dungeon Overview and Level Annotations

Branches:
Dungeon (2/15)

Altars:

Annotations:
D:1 Jessica
D:2 Terence


Innate Abilities, Weirdness & Mutations

You are completely covered in rugged brown scales. (AC +3, +7% HP)
You have supernaturally acute eyesight. (SInv)
Armour fits poorly on your strangely shaped body.
You can roll at nearby foes to attack.
You have a long armoured tail.


Message History

You closely miss the goblin.
Your tail-slap misses the goblin.
The goblin is severely wounded.
The goblin hits you but does no damage.
You hit the goblin.
You kill the goblin!
Terence the Incautious comes into view.
He is wielding a +1 flail of draining.
Terence shouts!
Items here: ))))))))) ††††††††.
You see here a ball python corpse.
Terence shouts, "DIE!!!"
There is a stone staircase leading up here.
You climb upwards.
There is a stone staircase leading down here.
There is an open door here.
You see here a +0 sling.
There is a stone staircase leading down here.
You climb downwards.
Level annotation: Terence Jessica shouts!
You hear a shout! x2
There is a stone staircase leading up here.
Unknown command.
Jessica hits you with a +0 club. The bat hits you but does no damage.
You climb upwards.
There is a stone staircase leading down here.
You closely miss Jessica.
Your tail-slap misses Jessica.
Jessica barely misses you. Jessica hits you with a +0 club!
You hit Jessica.
Jessica is moderately wounded.
Jessica hits you with a +0 club.
You hit Jessica.
Jessica is severely wounded.
Jessica hits you but does no damage.
Jessica points at you and mumbles some strange words.
Pain shoots through your body!
* * * LOW HITPOINT WARNING * * *
You closely miss Jessica.
Your tail-slap misses Jessica.
Jessica is severely wounded.
Jessica casts a spell at you. Pain shoots through your body!
You die...

#.# #.## #.#########..#
#.# #..# #.# #..# #.#####
##.######.# ##..# #.....#
#.##..)..# ##.#.# #.###.#
#.##.##### ##.###. #.#
#.# #.##.# ##.## ## #.#
#.# #.##.# #.## # #.# #(#
##.##.# ########.## ##
#.# #.###...#@#
#.........###.
#.###.##.....@#
#.########.#.#
#......).(....# #.# ##..#
######.#.....####.# #...
#.##.........#########>##
#.###.#####............#
#.##########.###########
#............#
##############


You could see Jessica.

Vanquished Creatures
  A dart slug (D:1)
  2 ball pythons
  4 bats (D:1)
  An endoplasm (D:1)
  A giant cockroach (D:1)
  12 goblins
  4 hobgoblins
  A quokka (D:1)
  3 frilled lizards (D:1)
  3 kobolds (D:1)
  3 rats (D:1)
35 creatures vanquished.

Notes
Turn   | Place    | Note
-------+----------+-------------------------------------------
     0 | D:1      | KamiKatze the Palentonga Fighter began the quest for the
                  | Orb.
     0 | D:1      | Reached XP level 1. HP: 19/19 MP: 1/1
   100 | D:1      | Reached XP level 2. HP: 22/25 MP: 2/2
   896 | D:1      | Reached XP level 3. HP: 28/31 MP: 3/3
  1046 | D:2      | Noticed Terence
  1117 | D:2      | Noticed Jessica
  1123 | D:1      | Killed from afar by Jessica

Illustrated notes

Levels and vault maps discovered:
D:1:      nicolae_arrival_somewhat_less_tricky_arrival, layout_loops_ring
D:2:      layout_loops_ring, serial_co_window_serial, co_window_paths_a,
          co_window_corner_a, co_window_paths_b, co_window_corner_a,
          co_window_corner_a, co_window_of_opportunity_a, co_window_corner_a,
          co_window_corner_b, co_window_of_opportunity_c,
          co_window_of_opportunity_b, co_window_2corner, co_window_4corner_a,
          glass_columns_a, minmay_statues_item, st_stairs_1, uniq_terence,
          uniq_robin, uniq_jessica

Skill      XL: |  1  2  3 |
---------------+----------+-----
Shields        | 3 |  3.0
Fighting       | |  3.2
Axes           | |  2.8
Armour         | |  2.6
Dodging        | |  0.7

Action                   || total
-------------------------++-------
Melee: War axe           ||   107
       Tailslap          ||     6
 Abil: Rolling Charge    ||    18
Armor: Scale mail        ||    53
Dodge: Dodged            ||    33
Block: Buckler           ||    18
